 Dungeon Crawl Stone Soup version 0.28-a0-1415-g7c84da036a (webtiles) character file.

Game seed: 8996538812600640862

7334 GorochuStan the Fighter (level 10, 0/104 HPs)
             Began as a Minotaur Berserker on Jan 7, 2022.
             Was an Elder of Trog.
             Killed from afar by an acid dragon (8 damage)
             ... with a splash of acid
             ... on level 10 of the Dungeon.
             The game lasted 01:29:07 (15584 turns).

GorochuStan the Fighter (Minotaur Berserker)       Turns: 15584, Time: 01:29:07

Health: 0/104      AC:  8    Str: 22    XL:     10   Next: 90%
Magic:  9/9        EV:  2    Int:  6    God:    Trog [****..]
Gold:   226        SH: 12    Dex: 12    Spells: 9/9 levels left

rFire   . . .      SeeInvis .   G - +0 war axe
rCold   . . .      Faith    .   n - +2 tower shield
rNeg    + . .      Spirit   .   P - +0 plate armour
rPois   +          Reflect  .   (helmet restricted)
rElec   .          Harm     .   (no cloak)
rCorr   .          Rampage  .   (no gloves)
Will    ++...                   R - +0 pair of boots
Stlth   ..........              (no amulet)
HPRegen 1.27/turn               u - ring of Lomnib {*Slow +Blink rN+ AC+4 Stlth+}
MPRegen 0.11/turn               T - ring of poison resistance

@: strong-willed, corroded, on berserk cooldown, regenerating, slowed, very slow
A: horns 2, retaliatory headbutt
a: Renounce Religion, Evoke Blink, Berserk, Trog's Hand, Brothers in Arms


You were on level 10 of the Dungeon.
You worshipped Trog.
Trog was greatly pleased with you.
You visited 2 branches of the dungeon, and saw 11 of its levels.
You also visited: Ossuary and Bailey.

You collected 576 gold pieces.
You spent 350 gold pieces at shops.

Inventory:

Hand Weapons
 a - a +0 hand axe
 e - a +0 dagger
 f - a +2 dagger of freezing
 g - a +0 dagger
 h - a +1 vorpal falchion
 l - a +0 dagger
 q - a +0 dagger
 r - a +0 dagger
 t - a +2 dagger of venom
 G - a +0 war axe (weapon)
 O - a -3 executioner's axe
 W - a +0 scimitar of flaming
Missiles
 c - 269 stones
 i - 92 poisoned darts (quivered)
 y - 2 throwing nets
Armour
 b - a +0 animal skin
 d - a +0 leather armour
 n - a +2 tower shield (worn)
 s - a +0 ring mail
 B - a +0 scale mail
 P - a +0 plate armour (worn)
 R - a +0 pair of boots (worn)
 X - a +0 chain mail
Jewellery
 u - the ring of Lomnib (left hand) {*Slow +Blink rN+ AC+4 Stlth+}
   (You found it on level 3 of the Dungeon)

   [ring of protection]

   AC:        It affects your AC (+4).
   rN:        It protects you from negative energy.
   +Blink:    It lets you blink.
   *Slow:     It may slow you when you take damage.
   Stlth:     It makes you more stealthy.
 A - a ring of willpower
 K - an amulet of magic regeneration
 T - a ring of poison resistance (right hand)
 U - a ring of flight
Wands
 I - a wand of paralysis (9)
 L - a wand of digging (7)
 S - a wand of acid (6)
 V - a wand of charming (2)
 Z - a wand of polymorph (3)
Scrolls
 C - 3 scrolls of teleportation
 N - 8 scrolls of identify
 Q - a scroll of summoning
 Y - 2 scrolls of magic mapping
Potions
 j - 3 potions of curing {unknown}
 k - a potion of berserk rage {unknown}
 m - a potion of brilliance {unknown}
 o - a potion of invisibility {unknown}
 p - 4 potions of mutation
 v - 3 potions of might {unknown}
 x - 3 potions of degeneration {unknown}
 z - a potion of flight {unknown}
 D - 3 potions of haste {unknown}
 E - a potion of magic {unknown}
 F - a potion of cancellation {unknown}
 H - a potion of ambrosia {unknown}
 J - 2 potions of lignification {unknown}
 M - a potion of resistance {unknown}


   Skills:
 * Level 14.3 Fighting
 + Level 10.7 Axes
 - Level 1.6 Throwing
 - Level 2.5 Armour
 - Level 3.2 Dodging
 + Level 7.2 Evocations


You had 9 spell levels left.
You didn't know any spells.
Your spell library was empty.

Dungeon Overview and Level Annotations

Branches:
Dungeon (10/15)            Temple (0/1) D:6            Lair (1/6) D:8
Ossuary (visited)          Bailey (visited)
    Orc: D:9-12

Altars:
Cheibriados
Kikubaaqudgha
Makhleb
Okawaru
Ru
Trog
Xom
Yredelemnul
Zin
The Shining One

Shops:
D:3 !   D:7 (   D:9 =

Annotations:
D:9 Fannar


Innate Abilities, Weirdness & Mutations

You have a pair of horns on your head.
You reflexively headbutt those who attack you in melee.


Message History

The acid dragon bites you but does no damage.
The acid dragon claws you.
* * * LOW HITPOINT WARNING * * *
The gnoll shaman hits you with a +0 whip.
* * * LOW HITPOINT WARNING * * *
You closely miss the acid dragon.
The acid dragon is severely wounded.
You slash the gnoll shaman!
You kill the gnoll shaman!
Trog accepts your kill. You block the acid dragon's attack.
The acid dragon claws you but does no damage.
The gnoll throws a boomerang.
You block the boomerang.
You closely miss the acid dragon.
The acid dragon is severely wounded.
The gnoll throws a boomerang.
The boomerang hits you but does no damage.
You block the acid dragon's attack. The acid dragon claws you.
* * * LOW HITPOINT WARNING * * *
The gnoll throws a boomerang.
You block the boomerang.
You hit the acid dragon but do no damage.
You headbutt the acid dragon, but do no damage.
The acid dragon is severely wounded.
You block the acid dragon's attack. The acid dragon claws you.
* * * LOW HITPOINT WARNING * * *
The gnoll throws a boomerang.
The boomerang hits you but does no damage.
You hit the acid dragon. You headbutt the acid dragon.
The acid dragon is almost dead.
The acid dragon spits acid at you. The splash of acid hits you!!
* * * LOW HITPOINT WARNING * * *
The acid corrodes you!
You feel a strong urge to attack something.
You feel your anger nearly subside.
You are no longer berserk.
You are exhausted.
You feel yourself slow down. The acid dragon spits acid at you.
The splash of acid hits you!
You die...

######## ####......#
#.........###
###.8....8....##
##..D.).........#
#...###..###.....
#..##g≈..≈g##..#.
#..##g≈..≈.##..#.#
###@.##g≈..≈.##..#.#
#....##.≈g.≈.##...=#
#....##.≈..≈.##.....
#...###.≈..≈.# #....
#..## ##....## #...
#..# ...... #...
#..# ........ #...
#..# ......... #...
#..# ...####....#...


You could see an acid dragon (catching breath).

Vanquished Creatures
  Erica (D:9)
  2 two-headed ogres (D:9)
  A gargoyle (D:5)
  4 yaks (D:6)
  A vampire (D:10)
  3 acid dragons
  3 water moccasins
  5 orc warriors
  A hornet zombie (D:8)
  An ice beast (D:7)
  4 centaurs
  3 kobold brigands
  5 bullfrogs
  2 elf zombies (Ossuary)
  A gnoll sergeant (D:10)
  6 scorpions
  4 wights (D:9)
  2 howler monkeys (D:8)
  A lava snake (D:9)
  A centaur zombie (D:9)
  2 human zombies (Ossuary)
  3 bullfrog zombies
  3 hounds
  A bullfrog skeleton (D:4)
  4 orc priests
  2 jellies
  3 gnoll shamans
  5 iguanas
  4 orc wizards
  A killer bee zombie (D:6)
  3 hound zombies (Ossuary)
  2 human simulacra (D:10)
  3 mummies (Ossuary)
  A howler monkey zombie (D:7)
  A howler monkey skeleton (D:4)
  12 adders
  8 gnolls
  A white imp (D:6)
  An ufetubus (D:5)
  2 adder zombies (Ossuary)
  5 worms
  4 dart slugs
  24 orcs
  7 ball pythons
  18 bats
  5 endoplasms
  2 giant cockroaches
  2 gnoll zombies (Ossuary)
  4 goblins
  3 hobgoblins
  10 jackals
  4 quokkas
  4 frilled lizards
  4 goblin zombies (Ossuary)
  2 hobgoblin zombies (Ossuary)
  2 jackal zombies (Ossuary)
  22 kobolds
  6 kobold zombies (Ossuary)
  3 orc zombies (Ossuary)
  A quokka skeleton (D:4)
  3 quokka zombies (Ossuary)
  8 rats
  3 rat zombies (Ossuary)
259 creatures vanquished.

Vanquished Creatures (collateral kills)
  A black mamba (D:8)
1 creature vanquished.

Vanquished Creatures (others)
  9 fungi (D:6)
9 creatures vanquished.

Grand Total: 269 creatures vanquished

Notes
Turn   | Place    | Note
-------+----------+-------------------------------------------
     0 | D:1      | GorochuStan the Minotaur Berserker began the quest for the
                  | Orb.
     0 | D:1      | Reached XP level 1. HP: 19/19 MP: 0/0
   160 | D:1      | Reached XP level 2. HP: 18/27 MP: 1/1
   163 | D:1      | Reached skill level 4 in Fighting
   719 | D:1      | Reached XP level 3. HP: 28/33 MP: 2/2
   771 | D:1      | Reached ** piety under Trog
  1113 | D:1      | Found a faded altar of an unknown god.
  2323 | D:3      | Reached skill level 1 in Throwing
  2323 | D:3      | Reached XP level 4. HP: 41/41 MP: 3/3
  2411 | D:3      | Found a glowing silver altar of Zin.
  2485 | D:3      | Reached skill level 5 in Fighting
  2671 | D:3      | Identified the ring of Lomnib {*Slow +Blink rN+ AC+4
                  | Stlth+}
  2853 | D:3      | Found Beman's Distillery.
  2926 | D:3      | Reached XP level 5. HP: 48/48 MP: 4/4
  2984 | D:3      | Bought a potion of heal wounds for 70 gold pieces
  3451 | D:4      | Noticed a centaur
  3462 | D:4      | Killed a centaur
  3463 | D:4      | Reached skill level 5 in Axes
  3801 | D:4      | Reached skill level 6 in Fighting
  3801 | D:4      | Reached skill level 1 in Evocations
  3801 | D:4      | Reached XP level 6. HP: 54/57 MP: 5/5
  4539 | D:5      | Entered Level 5 of the Dungeon
  4656 | D:5      | Noticed a gargoyle
  4668 | D:5      | Killed a gargoyle
  4669 | D:5      | Reached skill level 7 in Fighting
  4669 | D:5      | Reached XP level 7. HP: 66/66 MP: 6/6
  5197 | D:5      | Reached skill level 8 in Fighting
  5734 | D:6      | Reached XP level 8. HP: 58/75 MP: 7/7
  5985 | D:6      | Found a sand-covered staircase.
  5990 | Ossuary  | Entered an ossuary
  6003 | Ossuary  | Reached *** piety under Trog
  6174 | Ossuary  | Reached skill level 9 in Fighting
  6299 | D:6      | Reached **** piety under Trog
  6395 | D:6      | Reached skill level 10 in Fighting
  6400 | D:6      | Reached XP level 9. HP: 74/86 MP: 8/8
  6528 | D:6      | Found a staircase to the Ecumenical Temple.
  7332 | D:6      | Reached skill level 11 in Fighting
  7332 | D:6      | Reached skill level 5 in Evocations
  8017 | D:7      | Found a flagged portal.
  8036 | Bailey   | Entered a bailey
  8417 | Bailey   | Noticed an orc knight
  9203 | D:7      | Reached skill level 12 in Fighting
  9432 | D:7      | Found Umanaigea's Weapon Shoppe.
 10188 | D:8      | Found a staircase to the Lair.
 10665 | D:8      | Found an ancient bone altar of Kikubaaqudgha.
 10666 | D:8      | Found a shimmering altar of Xom.
 10686 | D:8      | Reached XP level 10. HP: 72/99 MP: 9/9
 10927 | D:8      | Found a glowing golden altar of the Shining One.
 10940 | D:8      | Found an iron altar of Okawaru.
 10947 | D:8      | Found a burning altar of Makhleb.
 11119 | Lair:1   | Entered Level 1 of the Lair of Beasts
 11125 | Lair:1   | Noticed a black mamba
 11141 | D:8      | HP: 3/99 [poisoned by a black mamba]
 11146 | D:8      | Killed a black mamba
 11735 | D:9      | Found Mixzih's Jewellery Shoppe.
 11738 | D:9      | Bought a ring of poison resistance for 280 gold pieces
 12022 | D:9      | Noticed a two-headed ogre
 12027 | D:9      | Killed a two-headed ogre
 12028 | D:9      | Reached skill level 13 in Fighting
 12028 | D:9      | Reached skill level 10 in Axes
 12373 | D:9      | Noticed a two-headed ogre
 12397 | D:9      | Killed a two-headed ogre
 13122 | D:9      | Noticed Erica
 13142 | D:9      | Killed Erica
 13143 | D:9      | Reached skill level 14 in Fighting
 13776 | D:9      | Found a bloodstained altar of Trog.
 13783 | D:9      | Found a snail-covered altar of Cheibriados.
 13787 | D:9      | Found a basalt altar of Yredelemnul.
 13950 | D:10     | Entered Level 10 of the Dungeon
 14709 | D:10     | Noticed Fannar
 15181 | D:10     | Found a sacrificial altar of Ru.
 15579 | D:10     | HP: 6/156 [acid dragon/splash of acid (32)]
 15584 | D:10     | Killed from afar by an acid dragon

Illustrated notes

Levels and vault maps discovered:
D:1:      dpeg_arrival_signposts, layout_basic,
          shapermc_ecumenical_altar_mp_ritualfount, minivault_23
D:2:      layout_basic
D:3:      layout_loops_ring, nicolae_overflow_crystal_walls, serial_shops,
          nicolae_lakefront_shop, st_stairs_4
D:4:      layout_basic
D:5:      layout_gridville, supply_closet_lemuel
D:6:      old_forge, layout_basic, minmay_temple_entry_statues_pillars,
          enter_ossuary_5
D:7:      layout_loops_cross, enter_bailey_6, serial_shops,
          nicolae_shop_waterfront, grunt_ministairs_1, palyth_stone_intersect,
          chequers_serial_rivers_room_a
D:8:      layout_cave_pools, nicolae_overflow_hallway_of_the_gods,
          lair_entry_dummy, nrook_campfire
D:9:      layout_loops_ring, grunt_temple_overflow_diamond, serial_shops,
          kennysheep_mini_moat, kennysheep_minor_cross, uniq_erica
D:10:     layout_big_octagon, mainiacjoe_overflow_boulevard, serial_gnoll_camp,
          gnoll_camp_mini_hut, gnoll_camp_mini_basic, gnoll_camp_medium_01,
          gnoll_camp_mini_hut, gnoll_camp_mini_hut, bh_circular_ruins,
          uniq_fannar
Lair:1:   layout_chaotic_city, st_stairs_5

Skill      XL: |  1  2  3  4  5  6  7  8  9 10 |
---------------+-------------------------------+-----
Axes           | 4 5 6 7 9 10 | 10.7
Fighting       | 4 5 6 7 8 10 12 14 | 14.3
Throwing       | 1 |  1.6
Dodging        | 3 |  3.2
Evocations     | 1 2 3 4 6 7 |  7.2
Armour         | |  2.5

Action                   |  1- 3 |  4- 6 |  7- 9 | 10-12 || total
-------------------------+-------+-------+-------+-------++-------
Melee: Hand axe          |    80 |   122 |       |       ||   202
       Headbutt          |    14 |    24 |    77 |    36 ||   151
       Punch             |     1 |       |       |       ||     1
       War axe           |       |    21 |   352 |   187 ||   560
Throw: Stone             |     9 |       |       |       ||     9
Invok: Berserk           |       |     2 |     3 |     5 ||    10
       Trog's Hand       |       |     1 |     2 |     4 ||     7
       Brothers in Arms  |       |       |       |     1 ||     1
 Abil: Evoke Blink       |       |       |       |     1 ||     1
Evoke: Wand              |       |       |       |     8 ||     8
  Use: Scroll            |     3 |     4 |     2 |     5 ||    14
       Potion            |       |       |     1 |     4 ||     5
 Stab: Sleeping          |       |     3 |       |       ||     3
Armor: Leather armour    |    17 |     5 |       |       ||    22
       Ring mail         |       |    60 |       |       ||    60
       Scale mail        |       |    14 |   156 |       ||   170
       Plate armour      |       |       |    29 |   137 ||   166
Dodge: Dodged            |    50 |    45 |    89 |    20 ||   204
Block: Tower shield      |     3 |    96 |   266 |   142 ||   507

Table legend: (Time is in decaauts)
 A = Elapsed time spent in this place.
 B = Non-inter-level travel time spent in this place.
 C = Inter-level travel time spent in this place.
 D = Time resting spent in this place.
 E = Time spent auto-exploring this place.
 F = Levels seen in this place.
 G = Mean time per level.
                   A        B        C        D        E       F      G
               +--------+--------+--------+--------+--------+-----+--------+
         Total |  16039 |  15745 |    294 |   6487 |   6550 |  13 | 1233.8 |
       Dungeon |  15227 |  14934 |    293 |   6141 |   6379 |  10 | 1522.7 |
          Lair |     24 |     24 |      0 |      0 |      0 |   1 |   24.0 |
       Ossuary |    355 |    355 |      0 |      0 |    147 |   1 |  355.0 |
        Bailey |    432 |    432 |      0 |    346 |     24 |   1 |  432.0 |
               +--------+--------+--------+--------+--------+-----+--------+

Top non-repeatable levels by time:
     D:9: 2779 daAuts
     D:6: 1986 daAuts
     D:7: 1916 daAuts
     D:8: 1449 daAuts
    D:10: 1330 daAuts
     D:1: 1253 daAuts
     D:4: 1174 daAuts
     D:5: 1130 daAuts
     D:3: 1124 daAuts
     D:2: 1081 daAuts
  Bailey: 432 daAuts
 Ossuary: 355 daAuts
  Lair:1: 24 daAuts
